 Dungeon Crawl Stone Soup version 0.31-a0-654-gbe3e110b4e (webtiles) character file.

Game seed: 11761147039621168961

63 Fodor the Covered (level 3, -4/34 HPs)
             Began as a Minotaur Fighter on Aug 29, 2023.
             Slain by Sigmund
             ... wielding a +2 scythe of venom
              (8 damage)
             ... on level 2 of the Dungeon.
             The game lasted 00:04:45 (1106 turns).

Fodor the Covered (Minotaur Fighter)                Turns: 1106, Time: 00:04:45

Health: -4/34      AC: 11    Str: 22    XL:     3   Next: 89%
Magic:  2/2        EV:  8    Int:  5    God:
Gold:   33         SH:  4    Dex:  9    Spells: 2/2 levels left

rFire   . . .        a - +0 long sword
rCold   . . .        c - +0 buckler
rNeg    . . .        b - +0 chain mail
rPois   .            (helmet restricted)
rElec   .            (no cloak)
rCorr   .            (no gloves)
SInv    .            i - +1 pair of boots
Will    +....        (no amulet) Stlth
                     (no ring)
HPRegen 0.25/turn    (no ring)
MPRegen 0.08/turn

%: no passive effects
@: lethally poisoned (-4 -> -6), enlightened, flying
A: horns 2, retaliatory headbutt
a: no special abilities


You were on level 2 of the Dungeon.
You visited 1 branch of the dungeon, and saw 2 of its levels.

You collected 33 gold pieces.

Inventory:

Hand Weapons
 a - a +0 long sword (weapon)
Armour
 b - a +0 chain mail (worn)
 c - a +0 buckler (worn)
 i - a +1 pair of boots (worn)
Scrolls
 e - a scroll of enchant armour {unknown}
 h - a scroll of blinking {unknown}
 j - a scroll of fear {unknown}
Potions
 d - a potion of might
 g - a potion of degeneration {unknown}


   Skills:
 + Level 4.4 Fighting
 + Level 3.0 Long Blades
 + Level 4.4 Armour
 + Level 0.1 Dodging
 + Level 4.1 Shields


You had 2 spell levels left.
You didn't know any spells.
Your spell library was empty.

Dungeon Overview and Level Annotations

Branches:
Dungeon (2/15)

Altars:

Annotations:
D:2 Sigmund


Innate Abilities, Weirdness & Mutations

You have a pair of horns on your head.
You reflexively headbutt those who attack you in melee.


Message History

Sigmund hits you but does no damage.
You closely miss Sigmund. You headbutt Sigmund!
Sigmund is heavily wounded.
Sigmund casts a spell at you. You resist with significant effort.
You barely miss Sigmund.
Sigmund is heavily wounded.
Sigmund hits you with a +2 scythe of venom.
You are poisoned.
You hit Sigmund. Your headbutt misses Sigmund.
Sigmund is heavily wounded.
You feel very sick. Sigmund hits you but does no damage.
You are more poisoned.
You hit Sigmund.
Sigmund is severely wounded.
You feel very sick.
You hit Sigmund.
Sigmund is almost dead.
You feel very sick. You block Sigmund's attack.
You hit Sigmund.
Sigmund is almost dead.
* * * LOW HITPOINT WARNING * * *
You feel very sick. Sigmund completely misses you.
You barely miss Sigmund.
Sigmund is almost dead.
* * * LOW HITPOINT WARNING * * *
You feel sick. Sigmund barely misses you.
You closely miss Sigmund.
Sigmund is almost dead.
* * * LOW HITPOINT WARNING * * *
You feel sick. Sigmund barely misses you.
It was a potion of enlightenment.
You feel very buoyant.
You fly up into the air.
You feel sick.
Sigmund hits you with a +2 scythe of venom!
You die...
Sigmund begins carving another notch in his scythe.

# ###### #.# #....#
.. #....# ####.#
#....########.@r.#
#........##..@####
#....###..#.##.......
#.>..>.##...##.######
#....#...........#
#######.##.....#...#
#.....#####..###.#
###.##### #...# ..
##..<# ##..# # #..###
#..###


You could see Sigmund and a rat.

Vanquished Creatures
  Natasha (D:2)
  2 adders (D:2)
  A worm (D:2)
  3 ball pythons
  2 endoplasms
  3 goblins
  A hobgoblin (D:2)
  2 quokkas (D:2)
  A frilled lizard (D:2)
  2 kobolds
  A rat (D:1)
19 creatures vanquished.

Notes
Turn   | Place    | Note
-------+----------+-------------------------------------------
     0 | D:1      | Fodor the Minotaur Fighter began the quest for the Orb.
     0 | D:1      | Reached XP level 1. HP: 19/19 MP: 0/0
   547 | D:1      | Reached XP level 2. HP: 27/27 MP: 1/1
  1001 | D:2      | Reached XP level 3. HP: 32/33 MP: 2/2
  1010 | D:2      | Noticed Natasha
  1016 | D:2      | Killed Natasha
  1094 | D:2      | Noticed Sigmund
  1106 | D:2      | Slain by Sigmund

Illustrated notes

Levels and vault maps discovered:
D:1:      beargit_arrival_greenhouse, layout_basic
D:2:      layout_rooms, uniq_sigmund, uniq_natasha

Skill      XL: |  1  2  3 |
---------------+----------+-----
Fighting       | 4 |  4.4
Armour         | 4 |  4.4
Shields        | 4 |  4.1
Long Blades    | 3 |  3.0
Dodging        | |  0.1

Action                     || total
---------------------------++-------
  Melee: Long sword        ||    60
         Headbutt          ||     5
    Use: Potion            ||     1
 Armour: Scale mail        ||     4
         Chain mail        ||    37
  Dodge: Dodged            ||    35
  Block: Buckler           ||    14

Table legend: (Time is in decaauts)
 A = Elapsed time spent in this place.
 B = Non-inter-level travel time spent in this place.
 C = Inter-level travel time spent in this place.
 D = Time resting spent in this place.
 E = Time spent auto-exploring this place.
 F = Levels seen in this place.
 G = Mean time per level.
                   A        B        C        D        E       F      G
               +--------+--------+--------+--------+--------+-----+--------+
         Total |   1123 |   1103 |     20 |      0 |      0 |   2 |  561.5 |
       Dungeon |   1123 |   1103 |     20 |      0 |      0 |   2 |  561.5 |
               +--------+--------+--------+--------+--------+-----+--------+

Top non-repeatable levels by time:
     D:1: 959 daAuts
     D:2: 164 daAuts
